 Dungeon Crawl Stone Soup version 0.27.1-3-gb3d3a73c9e (webtiles) character file.

Game seed: 14275043431689018800

1491 unlimited1921 the Skirmisher (level 8, -4/81 HPs)
             Began as a Troll Fighter on Oct 30, 2021.
             Was an Initiate of Gozag.
             Slain by a hornet (12 damage)
             ... while paralysed by a hornet
             ... on level 6 of the Dungeon.
             The game lasted 00:42:01 (5305 turns).

unlimited1921 the Skirmisher (Troll Fighter)        Turns: 5305, Time: 00:42:02

Health: -4/81      AC:  4    Str: 27    XL:     8   Next: 51%
Magic:  7/7        EV:  1    Int:  4    God:    Gozag
Gold:   472        SH:  0    Dex:  9    Spells: 7/7 levels left

rFire    . . .     SeeInvis .   p - +0 short sword (protect)
rCold    + . .     Faith    .   c - +0 kite shield
rNeg     . . .     Spirit   .   z - +0 robe {rC+}
rPois    .         Reflect  .   (helmet restricted)
rElec    .         Harm     .   (no cloak)
rCorr    +         Rampage  .   (gloves unavailable)
Will     .....                  (boots unavailable)
Stlth    +.........             (no amulet)
HPRegen  1.23/turn              r - ring of resist corrosion
MPRegen  0.10/turn              e - +4 ring of evasion

@: paralysed, lethally poisoned (-4 -> -7)
A: large, unfitting armour, claws 3, regeneration 1, shaggy fur 1, tough skin 1,
screaming 1
a: Renounce Religion, Potion Petition, Call Merchant, Bribe Branch


You were on level 6 of the Dungeon.
You worshipped Gozag.
Gozag was aware of your devotion.
You visited 1 branch of the dungeon, and saw 6 of its levels.

You collected 632 gold pieces.
You spent 92 gold pieces at shops.
You paid 68 gold pieces to Gozag.

Inventory:

Hand Weapons
 a - a +0 war axe
 k - a +0 trident
 m - a +0 scythe
 n - a +0 dagger of speed
 p - a +0 short sword of protection (weapon)
 s - a +0 dagger of electrocution
 v - a +0 halberd
 w - a +1 whip of electrocution
 B - a +0 quarterstaff
Missiles
 i - 5 boomerangs (quivered)
 l - 14 bolts
 x - 31 poisoned darts
Armour
 c - a +0 kite shield (worn)
 z - a +0 robe of cold resistance (worn)
Magical Staves
 u - a staff of poison
Jewellery
 e - a +4 ring of evasion (right claw)
 r - a ring of resist corrosion (left claw)
Scrolls
 f - a scroll of enchant weapon
 g - a scroll of magic mapping
 j - 5 scrolls of fear
 o - 3 scrolls of teleportation
 q - 3 scrolls of vulnerability
 y - 2 scrolls of summoning
 A - a scroll of enchant armour {unknown}
Potions
 b - a potion of mutation
 d - 2 potions of might
 h - a potion of curing
 t - a potion of brilliance


   Skills:
 * Level 5.4 Fighting
 - Level 1.3 Short Blades
 - Level 2.4 Axes
 + Level 1.0 Throwing
 + Level 5.1 Dodging
 + Level 1.0 Stealth
 + Level 5.2 Shields


You had 7 spell levels left.
You didn't know any spells.
Your spell library contained the following spells:

 Spells                   Type           Power      Damage    Failure   Level
 Shock                    Conj/Air       0%         1d3       77%         1
 Passwall                 Tmut/Erth      0%         N/A       88%         2
 Sublimation of Blood     Necr           0%         N/A       88%         2
 Wereblood                Tmut           0%         N/A       88%         2
 Swiftness                Air            0%         N/A       98%         3
 Airstrike                Air            0%         N/A       100%        4
 Invisibility             Hex            0%         N/A       100%        6
 Summon Hydra             Summ           0%         N/A       100%        7


Dungeon Overview and Level Annotations

Branches:
Dungeon (6/15)             Temple (0/1) D:6

Altars:
Gozag
Zin

Shops:
D:1 =([=   D:2 :   D:4 ![


Innate Abilities, Weirdness & Mutations

You are too large for most types of armour.
You have claws for hands.
Your natural rate of healing is unusually fast.
You are covered in fur. (AC +1)
You have tough skin. (AC +1)
You occasionally shout uncontrollably at your foes.


Message History

You hit the hornet.
Your weapon exudes an aura of protection.
The hornet is lightly wounded.
The hornet stings you!
You suddenly lose the ability to move!
The hornet stings you.
You are poisoned.
You feel as though you will be slow longer.
The hornet stings you but does no damage.
You can move again.
You feel very sick. The hornet barely misses you.
You feel very sick. You block the hornet's attack. x2
You feel sick. You block the hornet's attack.
You feel sick. The hornet stings you.
You are more poisoned.
You feel as though you will be slow longer.
You feel very sick. You block the hornet's attack.
The hornet stings you but does no damage.
You feel sick. You block the hornet's attack.
You feel yourself speed up.
You feel sick. The hornet stings you.
* * * LOW HITPOINT WARNING * * *
You feel yourself slow down. The hornet stings you!
* * * LOW HITPOINT WARNING * * *
You are more poisoned.
You feel as though you will be slow longer.
Unknown command.
You feel better. You block the hornet's attack. x2
The hornet closely misses you. The hornet stings you!
* * * LOW HITPOINT WARNING * * *
You are poisoned.
You suddenly lose the ability to move!
You feel yourself speed up.
You feel very sick. The hornet stings you!
You die...
Your body crumbles into a pile of gold.

#.....)#....#...
#......#.>..#...
#......#....'...
#......#....#...
#####......######+##
#...........# #
#...........# #
#.........<.# #
#..@........'. #
##..y........#.. #
#...####.....#.. ...
##.##..#.....#
....P#...#P.#.....#
.......>....+ ....
....P#...#P.#
.....##.##..#
......P.P...#


You could see a hornet.

Vanquished Creatures
  Sigmund (D:4)
  A water moccasin (D:5)
  A sky beast (D:5)
  A black bear (D:5)
  An ice beast (D:6)
  3 ogres
  A scorpion (D:6)
  A water moccasin skeleton (D:5)
  2 jellies
  A hound (D:6)
  A gnoll shaman (D:6)
  2 orc priests (D:5)
  2 iguanas
  2 orc wizards (D:5)
  Natasha (thrice) (D:4)
  A killer bee zombie (D:5)
  Robin (D:2)
  5 adders
  6 gnolls
  A white imp (D:6)
  An adder skeleton (D:4)
  2 worms
  3 dart slugs
  4 orcs
  6 ball pythons
  4 endoplasms
  6 giant cockroaches
  14 goblins
  8 hobgoblins
  3 jackals (D:4)
  3 quokkas
  7 bats
  5 frilled lizards
  7 kobolds
  6 rats
116 creatures vanquished.

Vanquished Creatures (others)
  12 fungi (D:5)
  2 plants (D:6)
  4 toadstools (D:5)
18 creatures vanquished.

Grand Total: 134 creatures vanquished

Notes
Turn   | Place    | Note
-------+----------+-------------------------------------------
     0 | D:1      | unlimited1921 the Troll Fighter began the quest for the
                  | Orb.
     0 | D:1      | Reached XP level 1. HP: 22/22 MP: 0/0
    60 | D:1      | Found Meug's Antique Armour Shoppe.
   149 | D:1      | Reached XP level 2. HP: 29/29 MP: 1/1
   166 | D:1      | Found Wuh Xyli's Weapon Boutique.
   281 | D:1      | Found Yceis's Jewellery Boutique.
   454 | D:1      | Found Maplosoa's Jewellery Shop.
   516 | D:1      | Found a faded altar of an unknown god.
   829 | D:2      | Noticed Robin
   832 | D:2      | Reached XP level 3. HP: 32/36 MP: 2/2
   859 | D:2      | Killed Robin
  1021 | D:2      | Found a glowing silver altar of Zin.
  1183 | D:2      | Reached XP level 4. HP: 42/44 MP: 3/3
  1221 | D:2      | Found Zoapheet's Book Emporium.
  1592 | D:2      | Reached skill level 1 in Short Blades
  1985 | D:3      | Reached XP level 5. HP: 53/53 MP: 4/4
  2386 | D:4      | Noticed Natasha
  2425 | D:4      | Killed Natasha
  2515 | D:4      | Noticed Natasha
  2533 | D:4      | Killed Natasha
  2569 | D:4      | Reached XP level 6. HP: 51/61 MP: 5/5
  2706 | D:4      | Found Ofranos's Distillery.
  2718 | D:4      | Found Wyucoiq's Antique Armour Shop.
  2732 | D:4      | Bought a glowing robe for 92 gold pieces
  3078 | D:4      | Noticed Natasha
  3089 | D:4      | Killed Natasha
  3092 | D:4      | Gained mutation: You occasionally shout uncontrollably at
                  | your foes. [potion of mutation]
  3207 | D:4      | Noticed Sigmund
  3208 | D:4      | Found an opulent altar of Gozag.
  3306 | D:4      | Killed Sigmund
  3368 | D:4      | Became a worshipper of Gozag Ym Sagoz the Greedy
  3435 | D:5      | Entered Level 5 of the Dungeon
  3452 | D:5      | Noticed a water moccasin
  3505 | D:5      | HP: 2/62 [water moccasin (6)]
  3512 | D:5      | Killed a water moccasin
  3513 | D:5      | Reached XP level 7. HP: 8/70 MP: 6/6
  3514 | D:5      | HP: 5/105 [poisoned by a water moccasin]
  3516 | D:5      | HP: 1/70 [poisoned by a water moccasin]
  4063 | D:5      | Reached XP level 8. HP: 48/79 MP: 7/7
  4166 | D:5      | Reached skill level 5 in Fighting
  4175 | D:5      | Reached skill level 1 in Throwing
  5069 | D:6      | Reached skill level 5 in Shields
  5144 | D:6      | Reached skill level 5 in Dodging
  5244 | D:6      | Reached skill level 1 in Stealth
  5268 | D:6      | Found a staircase to the Ecumenical Temple.
  5274 | D:6      | Noticed a hornet
  5281 | D:6      | Paralysed by a hornet for 1 turns
  5294 | D:6      | Paralysed by a hornet for 1 turns
  5304 | D:6      | Paralysed by a hornet for 2 turns
  5305 | D:6      | Slain by a hornet

Illustrated notes

Levels and vault maps discovered:
D:1:      minmay_arrival_hallway, layout_basic, serial_shops,
          nicolae_shop_crystal, shop_coins, shop, shop,
          shapermc_ecumenical_altar_petra
D:2:      layout_basic, serial_shops, shop, basic_altar, minmay_split_cup_small,
          uniq_robin
D:3:      layout_rooms
D:4:      layout_rooms, nicolae_gozag_cash_rules_everything_around_me,
          nicolae_wooded_promenade, minmay_misc_feat_encased, uniq_sigmund,
          uniq_natasha
D:5:      layout_loops_cross, minmay_gold_behind_fungi
D:6:      layout_gridville, mainiacjoe_overflow_surrounded_room,
          minmay_temple_entry_gardened_gates, gammafunk_ghost_necromancy,
          uniq_menkaure

Skill      XL: |  1  2  3  4  5  6  7  8 |
---------------+-------------------------+-----
Axes           | 2 |  2.4
Fighting       | 3 4 5 |  5.4
Short Blades   | 1 |  1.3
Shields        | 3 4 5 |  5.2
Dodging        | 3 4 5 |  5.1
Throwing       | 1 |  1.0
Stealth        | 1 |  1.0

Action                   |  1- 3 |  4- 6 |  7- 9 || total
-------------------------+-------+-------+-------++-------
Melee: War axe           |   112 |       |       ||   112
       Short sword       |    32 |   352 |   302 ||   686
Throw: Boomerang         |       |     3 |    12 ||    15
  Use: Potion            |       |     7 |     2 ||     9
       Scroll            |       |     5 |     4 ||     9
 Stab: Sleeping          |     2 |     1 |       ||     3
       Distracted        |       |       |     1 ||     1
Armor: Robe              |    57 |   161 |   133 ||   351
Dodge: Dodged            |    60 |   142 |   126 ||   328
Block: Kite shield       |    67 |   204 |   169 ||   440
